Map: Orbital Shipyard

Players

ILLBdA

  • Race: Protoss Protoss

Structure - Winner!

  • Race: Protoss Protoss
  • League: Master

VOD

Have the link to the VOD?

Description

Time

  • Played on: Dec. 13, 2015, 7:23 a.m.
  • Length: 2:26
Show
View Real Time Build Order
Export as new Build Order

ILLBdA Protoss 

Build Orders:  

Get SALT Encoding   

  12  0:01  Probe (Chrono Boost)  
  13  0:12  Probe (Chrono Boost)  
  14  0:19  Pylon  
  14  0:22  Probe (Chrono Boost)  
  15  0:37  Probe (Chrono Boost)  
  15  0:38  Forge  
  16  0:48  Probe (Chrono Boost)  
  17  0:59  Probe (Chrono Boost)  
  18  1:09  Probe (Chrono Boost)  
  19  1:29  Pylon  
  19  1:30  Pylon  
  18  1:43  Pylon  
  18  2:01  Photon Cannon  
  18  2:03  Photon Cannon  
  18  2:10  Probe (Chrono Boost)  
  19  2:18  Photon Cannon  
Show
View Real Time Build Order
Export as new Build Order

Structure Protoss - Winner!

Build Orders: Nexus First 

Get SALT Encoding   

  12  0:01  Probe (Chrono Boost)  
  13  0:12  Probe (Chrono Boost)  
  14  0:18  Pylon  
  14  0:22  Probe (Chrono Boost)  
  15  0:36  Probe (Chrono Boost)  
  16  0:47  Probe (Chrono Boost)  
  17  0:59  Nexus  
  17  1:12  Gateway  
  17  1:16  Assimilator  
  17  1:34  Probe (Chrono Boost)  
  17  1:36  Assimilator  
  17  1:44  Pylon  
  18  1:49  Pylon  
  17  1:55  Pylon  
Tags
 
League
Master
Matchup
PvP
Replay Pack
me
Add a new tag
Caveats
  • Supply blocks, unpowered buildings, or Contaminate may cause inaccurate times.
  • Supply counts are checked every 10 seconds.